 Dungeon Crawl Stone Soup version 0.30-a0-2-gf48d83f5e2 (webtiles) character file.

Game seed: 8741918167746202008

908 kae the Firebug (level 7, -9/36 HPs)
             Began as a Deep Elf Fire Elementalist on Aug 19, 2022.
             Mangled by an orc warrior
             ... wielding a +0 mace
              (13 damage)
             ... on level 6 of the Dungeon.
             The game lasted 00:04:28 (6272 turns).

kae the Firebug (Deep Elf Fire Elementalist)        Turns: 6272, Time: 00:04:29

Health: -9/36      AC:  5    Str:  5    XL:     7   Next: 81%
Magic:  0/17       EV: 12    Int: 28    God:
Gold:   377        SH:  3    Dex: 15    Spells: 3/17 levels left

rFire   . . .      SeeInvis .    (no weapon)
rCold   . . .      Faith    .    q - +0 buckler
rNeg    . . .      Spirit   +    a - +0 robe
rPois   .          Reflect  .    k - +1 helmet
rElec   .          Harm     .    (no cloak)
rCorr   .          Rampage  .    (no gloves)
Will    .....                    h - +0 pair of boots
Stlth   ++........               G - amulet of guardian spirit
HPRegen 0.12/turn                I - +6 ring of intelligence
MPRegen 0.15/turn                (no ring)

@: brilliant
A: no striking features
a: no special abilities


You were on level 6 of the Dungeon.
You visited 1 branch of the dungeon, and saw 6 of its levels.

You collected 377 gold pieces.


   Skills:
 - Level 2.4 Dodging
 - Level 2.4 Stealth
 + Level 5.9 Spellcasting
 * Level 6.2 Conjurations
 * Level 7.0 Fire Magic


You had 3 spell levels left.
You knew the following spells:

 Your Spells              Type           Power      Damage    Failure   Level
a - Foxfire               Conj/Fire      100%       2x1d9     1%          1
b - Scorch                Fire           100%       2d10      1%          2
c - Conjure Flame         Conj/Fire      62%        6-21      1%          3
d - Slow                  Hex            48%        N/A       9%          1
e - Inner Flame           Hex/Fire       42%        N/A       6%          3
f - Flame Wave            Conj/Fire      62%        2d14      5%          4

Your spell library contained the following spells:

 Spells                   Type           Power      Damage    Failure   Level
 Magic Dart               Conj           100%       1d8       1%          1
 Searing Ray              Conj           100%       2d8       1%          2
 Confusing Touch          Hex            12%        N/A       26%         3
 Ozocubu's Armour         Ice            12%        N/A       26%         3
 Vampiric Draining        Necr           12%        2d6       26%         3
 Fulminant Prism          Conj/Hex       19%        3d11      22%         4
 Alistair's Intoxication  Tmut/Pois      8%         N/A       93%         5
 Borgnjor's Vile Clutch   Necr/Erth      6%         N/A       93%         5
 Eringya's Noxious Bog    Tmut/Pois      6%         N/A       100%        6
 Ozocubu's Refrigeration  Ice            6%         4d8       100%        7

Inventory:

Missiles
 c - 7 poisoned darts
 i - 57 stones
 l - a throwing net {=f!f}
 n - 6 boomerangs
Armour
 a - a +0 robe (worn)
 h - a +0 pair of boots (worn)
   (You found it on level 1 of the Dungeon)
 k - a +1 helmet (worn)
   (You found it on level 1 of the Dungeon)
 q - a +0 buckler (worn)
   (You found it on level 4 of the Dungeon)
Jewellery
 C - a ring of ice
   (You found it on level 4 of the Dungeon)
 G - an amulet of guardian spirit (around neck)
   (You found it on level 3 of the Dungeon)
 I - a +6 ring of intelligence (left hand)
   (You found it on level 5 of the Dungeon)
Wands
 j - a wand of mindburst (11)
   (You found it on level 5 of the Dungeon)
 o - a wand of digging (8)
   (You found it on level 4 of the Dungeon)
Scrolls
 b - a scroll of vulnerability {!r!r}
 d - 3 scrolls of torment {!r}
 e - 2 scrolls of fog
 f - 4 scrolls of immolation {!r!r}
 s - a scroll of poison {!r}
 t - a scroll of blinking {unknown}
Potions
 g - a potion of flight
 m - a potion of degeneration {!q}
 p - 2 potions of berserk rage {!q}

Dungeon Overview and Level Annotations

Branches:
Dungeon (6/15) Zot: 26514
 Temple: D:4-7

Altars:
Fedhas
Ru
Sif Muna
Trog
Xom
Zin

.# ###..##...# .#
#.........# .#
#.........# .#
###..##...#
.#######..##...# ##
.#........##..########...
.#........####...........
########..##...#......#
#####...#@.....#
+....#o)....#
###.##).....# .. ...##.##
.......# ... # .......#
... # ......# ... #
.......# ... #


You could see an orc warrior.


Message History

You lost 1 mp, and now have 13/17 mp.
A jelly is nearby!
A jelly is nearby!
Casting: Foxfire (safe; 1% risk of failure)
Confirm with . or Enter, or press ? or * to list all spells.
You conjure some foxfire!
The jelly is no longer more vulnerable to fire.
The jelly closely misses you.
The foxfire hits the jelly!
The jelly barely misses you.
Casting: Foxfire (safe; 1% risk of failure)
Confirm with . or Enter, or press ? or * to list all spells.
Flames lash the jelly.
The jelly's fire resistance burns away.
The jelly completely misses you.
The jelly hits you but does no damage. 😎 MP[-2]
You lost 2 mp, and now have 11/17 mp.
A jelly is nearby!
A jelly is nearby!
Casting: Scorch (safe; 1% risk of failure)
Confirm with . or Enter, or press ? or * to list all spells.
Flames lash the jelly.
The jelly is burned terribly!
You kill the jelly! 😎 MP[-2]
You lost 2 mp, and now have 9/17 mp.
t - a scroll labelled PEITEU REAGG 😎 MP[+8]
Your mp is fully restored (17).
You hear a distant slurping noise.
You hear a distant slurping noise.
An orc priest comes into view. It is wielding a +0 mace.
An orc priest is nearby!
An orc priest is nearby!
An orc priest is nearby!
Casting: Scorch (safe; 1% risk of failure)
Confirm with . or Enter, or press ? or * to list all spells.
You conjure some foxfire!
The orc priest shouts!
An orc warrior comes into view. It is wielding a +0 mace.
The foxfire hits the orc priest but does no damage. 😎 MP[-1]
You lost 1 mp, and now have 16/17 mp.
Casting: Foxfire (safe; 1% risk of failure)
Confirm with . or Enter, or press ? or * to list all spells.
You conjure some foxfire!
The foxfire hits the orc priest.
An orc comes into view. It is wielding a +0 morningstar.
The foxfire hits the orc warrior but does no damage. x2 😎 MP[-1]
You lost 1 mp, and now have 15/17 mp.
Casting: Foxfire (safe; 1% risk of failure)
Confirm with . or Enter, or press ? or * to list all spells.
You conjure some foxfire!
The foxfire hits the orc warrior. x2 😎 MP[-1]
You lost 1 mp, and now have 14/17 mp. 😎 MP[+1]
Casting: Foxfire (safe; 1% risk of failure)
Confirm with . or Enter, or press ? or * to list all spells.
The spell is quite dangerous to miscast (5% risk of failure)!
Continue anyway?
Casting: Flame Wave (quite dangerous; 5% risk of failure)
Press: ? - help, Dir - look around, f - activate A wave of flame ripples out!
The flame wave engulfs the orc warrior but does no damage.
The flame wave engulfs the orc priest. (Press . to intensify the flame waves.)
You block the orc warrior's attack.
The orc priest mumbles some strange prayers to Beogh against you.
Beogh smites you! 😮 HP[-10] MP[-7]
You take 10 damage, and now have 26/36 hp.
MASSIVE DAMAGE!! (PAUSE)
You lost 7 mp, and now have 8/17 mp.
Unknown command.
A wave of flame ripples out!
The flame wave engulfs the orc warrior but does no damage.
The flame wave engulfs the orc priest!
You kill the orc priest!
The flame wave engulfs the orc!
You kill the orc!
The orc warrior hits you with a +0 mace!
* * * LOW HITPOINT WARNING * * *
Your Fire Magic skill increases to level 7! 😨 HP[-11] MP[-4]
You take 11 damage, and now have 15/36 hp.
MASSIVE DAMAGE!! (PAUSE)
You lost 4 mp, and now have 4/17 mp.
A wave of flame ripples out!
The flame wave engulfs the orc warrior!
You finish channelling waves of flame.
The orc warrior hits you with a +0 mace!
* * * LOW HITPOINT WARNING * * *
😱 HP[-11] MP[-3]
You take 11 damage, and now have 4/36 hp.
MASSIVE DAMAGE!! (PAUSE)
You lost 3 mp, and now have 1/17 mp.
Casting: Flame Wave (quite dangerous; 5% risk of failure)
Confirm with . or Enter, or press ? or * to list all spells.
You don't have enough magic to cast this spell.
It was a potion of brilliance.
You feel clever all of a sudden.
The orc warrior hits you with a +0 mace!
You die...

Skill      XL: |  1  2  3  4  5  6  7 |
---------------+----------------------+-----
Conjurations   | 2 3 4 5 6 |  6.2
Fire Magic     | 4 5 6 7 |  7.0
Spellcasting   | 4 5 |  5.9
Dodging        | |  2.4
Stealth        | |  2.4

Action                   |  1- 3 |  4- 6 |  7- 9 || total
-------------------------+-------+-------+-------++-------
Melee: Unarmed           |       |    11 |     5 ||    16
 Cast: Foxfire           |    69 |    54 |    24 ||   147
       Scorch            |    15 |    27 |    11 ||    53
       Conjure Flame     |       |     2 |       ||     2
       Flame Wave        |       |       |     1 ||     1
  Use: Scroll            |     7 |     4 |       ||    11
       Potion            |       |     2 |     1 ||     3
Armor: Robe              |     4 |    19 |     6 ||    29
Dodge: Dodged            |    12 |    27 |    11 ||    50
Block: Buckler           |       |     1 |     4 ||     5

Levels and vault maps discovered:
D:1:      minmay_arrival_diagonal_passages, layout_basic,
          ebering_ecumenical_altar_petrified
D:2:      layout_loops_ring, nicolae_concentric_dashed_squares_mild,
          st_stairs_1, minmay_pentomino_v2
D:3:      layout_loops_ring, lightli_temple_of_fire, st_stairs_1,
          minmay_misc_feat_rugged, minmay_misc_feat_secret_circle,
          minmay_misc_feat_cross, roderic_serpentine_path
D:4:      layout_loops_corners, doesnt_xom_only_xom
D:5:      layout_rooms, mainiacjoe_overflow_chevrons
D:6:      layout_gridville, minmay_stone_trees_small

Notes
Turn   | Place    | Note
-------+----------+-------------------------------------------
     0 | D:1      | kae the Deep Elf Fire Elementalist began the quest for the
                  | Orb.
     0 | D:1      | Reached XP level 1. HP: 10/10 MP: 6/6
     0 | D:1      | magus.rc [v1.11.3]
   386 | D:1      | You add the spells Ozocubu's Armour and Ozocubu's
                  | Refrigeration to your library.
   439 | D:1      | Reached XP level 2. HP: 15/15 MP: 6/8
   446 | D:1      | Learned a level 2 spell: Scorch
   640 | D:1      | Found a faded altar of an unknown god.
   848 | D:1      | Reached skill level 2 in Conjurations
  1155 | D:2      | Reached XP level 3. HP: 19/19 MP: 1/9
  1159 | D:2      | Learned a level 3 spell: Conjure Flame
  1435 | D:2      | You pick up a book of Debilitation and begin reading...
  1435 | D:2      | You add the spells Slow, Vampiric Draining and Confusing
                  | Touch to your library.
  1444 | D:2      | Reached skill level 4 in Fire Magic
  2474 | D:3      | Reached XP level 4. HP: 24/24 MP: 4/11
  2681 | D:3      | Learned a level 1 spell: Slow
  2753 | D:3      | Reached skill level 3 in Conjurations
  3214 | D:3      | Found a bloodstained altar of Trog.
  3596 | D:4      | Found a sacrificial altar of Ru.
  3598 | D:4      | Found a shimmering altar of Xom.
  3598 | D:4      | Found a shimmering blue altar of Sif Muna.
  3623 | D:4      | Noticed a scorpion
  3639 | D:4      | HP: 6/24 [scorpion (3)]
  3640 | D:4      | Killed a scorpion
  3641 | D:4      | Reached skill level 4 in Spellcasting
  3641 | D:4      | Reached XP level 5. HP: 7/28 MP: 0/13
  3874 | D:4      | Found the +0 pair of fencer's gloves {Riposte Dex+3}
  4276 | D:4      | Reached skill level 5 in Fire Magic
  4689 | D:4      | Found a blossoming altar of Fedhas.
  4689 | D:4      | Found a shimmering altar of Xom.
  4689 | D:4      | Found a shimmering altar of Xom.
  4717 | D:4      | Reached skill level 4 in Conjurations
  4826 | D:5      | Entered Level 5 of the Dungeon
  4883 | D:5      | Noticed a wyvern
  4894 | D:5      | Killed a wyvern
  4895 | D:5      | Reached XP level 6. HP: 32/32 MP: 6/15
  4994 | D:5      | Reached skill level 5 in Spellcasting
  5303 | D:5      | Found a glowing silver altar of Zin.
  5313 | D:5      | Reached skill level 5 in Conjurations
  5313 | D:5      | Reached skill level 6 in Fire Magic
  5380 | D:5      | Reached XP level 7. HP: 36/36 MP: 8/16
  5570 | D:5      | You add the spells Alistair's Intoxication, Borgnjor's Vile
                  | Clutch and Eringya's Noxious Bog to your library.
  6066 | D:5      | Learned a level 3 spell: Inner Flame
  6071 | D:5      | Learned a level 4 spell: Flame Wave
  6121 | D:6      | You pick up a book of Conjurations and begin reading...
  6121 | D:6      | You add the spells Magic Dart, Searing Ray and Fulminant
                  | Prism to your library.
  6153 | D:6      | Reached skill level 6 in Conjurations
  6271 | D:6      | Reached skill level 7 in Fire Magic
  6271 | D:6      | HP: 4/36 [orc warrior/+0 mace (11)]
  6272 | D:6      | Mangled by an orc warrior

Vanquished Creatures
  A wyvern (D:5)
  An ogre (D:5)
  A phantom (D:5)
  2 scorpions
  An orc priest (D:6)
  A hound (D:5)
  2 jellies (D:6)
  3 iguanas
  2 orc wizards (D:5)
  8 gnolls
  5 adders
  2 worms
  3 dart slugs
  10 orcs
  9 endoplasms
  8 giant cockroaches
  5 hobgoblins
  4 jackals (D:3)
  9 kobolds
  3 quokkas
  6 ball pythons
  7 bats
  2 frilled lizards
  2 goblins
  4 rats
101 creatures vanquished.

Vanquished Creatures (others)
  246 foxfires
246 creatures vanquished.

Grand Total: 347 creatures vanquished

Table legend:
 A = Non-vault XP
 B = Vault XP
 C = Vault XP percentage of total XP
 D = Non-vault monster count
 E = Vault monster count
 F = Vault count percentage of total count
                 A         B        C        D         E       F
            +---------+---------+-------+---------+---------+-------
      Total |    1287 |      11 |   0.8 |      96 |       5 |   5.0
            +---------+---------+-------+---------+---------+-------
        D:1 |      31 |       0 |   0.0 |      20 |       0 |   0.0
        D:2 |      31 |       4 |  11.4 |      16 |       2 |  11.1
        D:3 |      68 |       7 |   9.3 |      21 |       3 |  12.5
        D:4 |     191 |       0 |   0.0 |      18 |       0 |   0.0
        D:5 |     638 |       0 |   0.0 |      10 |       0 |   0.0
        D:6 |     328 |       0 |   0.0 |      11 |       0 |   0.0
            +---------+---------+-------+---------+---------+-------

Illustrated notes

Table legend:
 A = Kills in this place as a percentage of kills in entire the game.
 B = Kills by you in this place as a percentage of kills by you in the entire game.
 C = Kills by friends in this place as a percentage of kills by friends in the entire game.
 D = Other kills in this place as a percentage of other kills in the entire game.
 E = Experience gained in this place as a percentage of experience gained in the entire game.
 F = Experience gained in this place divided by the number of levels of this place that you have seen.
                   A       B       C       D       E      F
               +-------+-------+-------+-------+-------+----------------------
         Total | 100.0 | 100.0 |   N/A |   N/A | 100.0 | 216.3
       Dungeon | 100.0 | 100.0 |   N/A |   N/A | 100.0 | 216.3
               +-------+-------+-------+-------+-------+----------------------

Table legend: (Time is in decaauts)
 A = Elapsed time spent in this place.
 B = Non-inter-level travel time spent in this place.
 C = Inter-level travel time spent in this place.
 D = Time resting spent in this place.
 E = Time spent auto-exploring this place.
 F = Levels seen in this place.
 G = Mean time per level.
                   A        B        C        D        E       F      G
               +--------+--------+--------+--------+--------+-----+--------+
         Total |   6279 |   6043 |    236 |    259 |   5000 |   6 | 1046.5 |
       Dungeon |   6279 |   6043 |    236 |    259 |   5000 |   6 | 1046.5 |
               +--------+--------+--------+--------+--------+-----+--------+

Top non-repeatable levels by time:
     D:4: 1688 daAuts
     D:3: 1235 daAuts
     D:1: 1073 daAuts
     D:2: 1062 daAuts
     D:5: 763 daAuts
     D:6: 455 daAuts
